 Dungeon Crawl Stone Soup version 0.24.1-14-gf8d2b509d9 (webtiles) character file.

Game seed: 1552636180470827999, levelgen mode: deterministic

43 Hugehornet the Chopper (level 3, 0/23 HPs)
             Began as a Gargoyle Fighter on May 25, 2020.
             Slain by an adder (2 damage)
             ... on level 2 of the Dungeon.
             The game lasted 00:01:11 (1109 turns).

Hugehornet the Chopper (Gargoyle Fighter)           Turns: 1109, Time: 00:01:12

Health: 0/23       AC: 10    Str: 19    XL:     3   Next: 58%
Magic:  3/3        EV:  7    Int:  9    God:
Gold:   41         SH:  9    Dex:  9    Spells: 2/2 levels left

rFire    . . .     SeeInvis .   a - +0 war axe
rCold    . . .     Gourm    .   c - +0 shield
rNeg     + . .     Faith    .   b - +0 scale mail
rPois    ∞         Spirit   .   (no helmet)
rElec    +         Reflect  .   (no cloak)
rCorr    .         Harm     .   (no gloves)
MR       .....                  (no boots)
Stlth    ..........             (no amulet)
HPRegen  0.07/turn              (no ring)
MPRegen  0.08/turn              (no ring)

@: no status effects
A: negative energy resistance 1, electricity resistance, unbreathing,
petrification resistance, rot immunity, AC +3
a: no special abilities


You were on level 2 of the Dungeon.
You were not hungry.

You visited 1 branch of the dungeon, and saw 2 of its levels.

You collected 41 gold pieces.

Inventory:

Hand Weapons
 a - a +0 war axe (weapon)
Armour
 b - a +0 scale mail (worn)
 c - a +0 shield (worn)
Scrolls
 e - a scroll of teleportation {unknown}
 g - a scroll of enchant armour {unknown}
 i - 3 scrolls of identify {unknown}
 j - a scroll of immolation {unknown}
Potions
 d - a potion of might
 h - a potion of flight {unknown}
Comestibles
 f - 2 rations
 k - a chunk of flesh


   Skills:
 - Level 3.2 Fighting
 + Level 3.5 Axes
 - Level 3.2 Armour
 - Level 3.2 Shields


You had 2 spell levels left.
You didn't know any spells.
Your spell library was empty.

Dungeon Overview and Level Annotations

Branches:
Dungeon (2/15)

Altars:


Innate Abilities, Weirdness & Mutations

You are resistant to torment.
Your stone body is resilient. (AC +3)
You are immune to poison.
You resist negative energy. (rN+)
You are resistant to electric shocks. (rElec)
You can survive without breathing.
You are immune to petrification.
You are immune to rotting.


Message History

You miss the adder.
The adder bites you but does no damage. x2
You barely miss the adder. The adder bites you but does no damage.
You barely miss the adder. You block the adder's attack. The adder bites you.
You slash the adder!
The adder is severely wounded.
The adder bites you.
* * * LOW HITPOINT WARNING * * *
The adder bites you but does no damage.
You closely miss the adder.
The adder is severely wounded.
The adder closely misses you. The adder bites you but does no damage.
You closely miss the adder.
The adder is heavily wounded.
The adder bites you.
* * * LOW HITPOINT WARNING * * *
The adder bites you but does no damage.
You miss the adder.
The adder is heavily wounded.
The adder bites you.
You die...

#..............
.###...†....#.....
...........#...#
.............#
......#...S#÷###
......#....[...###
.....##....##....##
..........(##.##..##
.....####..S@..##..##########
... ######..##..........# ..
#......<...†...#
####.............#
........########## ####...##
#... ####


You could see an adder.

Vanquished Creatures
  An adder (D:2)
  2 dart slugs
  5 bats
  A giant cockroach (D:1)
  3 hobgoblins (D:1)
  6 jackals (D:2)
  2 kobolds (D:1)
  2 ball pythons
  2 frilled lizards
  5 rats (D:1)
29 creatures vanquished.

Notes
Turn   | Place    | Note
-------+----------+-------------------------------------------
     0 | D:1      | Hugehornet the Gargoyle Fighter began the quest for the
                  | Orb.
     0 | D:1      | Reached XP level 1. HP: 14/14 MP: 1/1
   206 | D:1      | Reached XP level 2. HP: 17/19 MP: 2/2
   870 | D:2      | Reached XP level 3. HP: 17/23 MP: 3/3
  1109 | D:2      | Slain by an adder

Levels and vault maps discovered:
D:1:      saegor_arrival_simple_e, layout_loops_corners
D:2:      layout_rooms, lemuel_round_altar

Skill      XL: |  1  2 |
---------------+-------+-----
Axes           | 2 3 |  3.5
Fighting       | |  3.2
Armour         | |  3.2
Shields        | |  3.2

Action                   || total
-------------------------++-------
Melee: War axe           ||   114
  Eat: Chunk             ||     1
Armor: Scale mail        ||    82
Dodge: Dodged            ||    61
Block: Shield            ||    79
